Map: Golden Wall LE

Players

Reynor

  • Race: Zerg Zerg
  • Spawn Location: 5:00

INnoVation - Winner!

  • Race: Terran Terran
  • Spawn Location: 7:00

Event: Shopify TSL 5

VOD

Have the link to the VOD?

Description

Time

  • Played on: May 31, 2020, 11:29 a.m.
  • Length: 23:31

All games in this series

Show
View Real Time Build Order
Export as new Build Order

Reynor Zerg 

Build Orders: Hatch First, Muta Ling Bane 

Get SALT Encoding   

  12  0:00  Drone  
  13  0:13  Overlord  
  13  0:18  Drone  
  14  0:31  Drone x2  
  16  0:50  Hatchery  
  16  0:53  Drone  
  17  0:57  Drone  
  17  1:00  Drone  
  18  1:19  Spawning Pool  
  18  1:24  Drone  
  18  1:28  Drone  
  18  1:31  Drone  
  20  1:51  Overlord  
  20  1:53  Drone  
  20  2:06  Queen x2  
  20  2:07  Zergling x2  
  25  2:10  Zergling x2  
  25  2:13  Zergling x2  
  27  2:17  Drone  
  28  2:23  Drone x2  
  30  2:30  Extractor  
  30  2:34  Drone  
  30  2:35  Drone  
  30  2:44  Overlord  
  30  2:46  Spore Crawler  
  30  2:47  Drone  
  30  2:51  Queen  
  31  2:55  Drone x2  
  35  3:02  Queen  
  37  3:07  Drone x2  
  38  3:15  Drone x3  
  38  3:18  Overlord  
  41  3:21  Drone  
  41  3:24  Drone  
  43  3:35  Lair  
  43  3:36  Drone x2  
  43  3:38  Extractor, Drone  
  43  3:41  Extractor  
  44  3:46  Queen  
  44  3:48  Drone  
  47  3:50  Drone  
  47  3:53  Overlord  
  47  3:55  Drone  
  49  4:00  Drone x2  
  51  4:06  Metabolic Boost  
  51  4:09  Extractor  
  50  4:10  Drone  
  50  4:11  Drone x2  
  50  4:13  Drone  
  50  4:14  Drone  
  50  4:16  Drone  
  56  4:20  Overlord  
  56  4:24  Drone  
  56  4:25  Drone  
  58  4:34  Spire  
  57  4:39  Zergling x6  
  57  4:43  Overseer  
  60  4:50  Hatchery  
  59  4:55  Overlord  
  59  4:58  Zergling x4  
  61  5:07  Drone  
  61  5:08  Spore Crawler  
  61  5:16  Queen  
  61  5:20  Overlord  
  63  5:27  Zergling x8  
  67  5:36  Overlord  
  67  5:46  Mutalisk x4  
  67  5:47  Mutalisk x3  
  80  5:52  Queen  
  80  5:55  Mutalisk  
  83  5:58  Zergling x6  
  83  6:00  Zergling x4  
  83  6:02  Zergling x2  
  80  6:07  Mutalisk  
  80  6:10  Mutalisk  
  82  6:13  Drone x2  
  82  6:17  Zergling x6  
  87  6:21  Mutalisk  
  89  6:27  Mutalisk  
  89  6:30  Drone  
  88  6:34  Drone x3  
  91  6:41  Mutalisk  
  91  6:45  Drone x3  
  90  6:48  Extractor, Mutalisk  
  90  6:49  Extractor  
  90  6:50  Drone  
  91  6:55  Mutalisk  
  91  6:57  Drone x2  
  95  7:09  Mutalisk  
  95  7:11  Overlord  
  95  7:12  Drone  
  98  7:24  Overlord  
  98  7:27  Hatchery  
  98  7:28  Drone  
  98  7:30  Zerg Flyer Weapons Level 1  
  98  7:32  Overlord  
  98  7:34  Mutalisk x3  
  98  7:36  Drone x2  
  106  7:40  Overlord  
  106  7:54  Drone x8  
  106  7:57  Mutalisk  
  114  7:59  Evolution Chamber  
  114  8:00  Evolution Chamber, Mutalisk  
  114  8:02  Drone  
  115  8:07  Baneling Nest  
  115  8:08  Mutalisk  
  115  8:10  Overlord  
  116  8:13  Mutalisk  
  116  8:15  Drone  
  116  8:16  Drone  
  120  8:26  Zerg Ground Armor Level 1, Zerg Melee Weapons Level 1  
  120  8:30  Drone x6  
  120  8:34  Mutalisk  
  126  8:44  Mutalisk x2  
  126  8:47  Drone x6  
  136  8:49  Overlord  
  136  8:55  Centrifical Hooks  
  136  9:04  Overlord  
  136  9:11  Zergling x18  
  136  9:14  Hatchery  
  136  9:16  Mutalisk  
  144  9:20  Infestation Pit  
  144  9:22  Drone  
  144  9:23  Drone  
  146  9:24  Drone x7  
  146  9:26  Extractor  
  146  9:27  Extractor  
  146  9:29  Zerg Flyer Weapons Level 2  
  150  9:33  Baneling  
  150  9:34  Baneling x5  
  150  9:35  Baneling x7  
  150  9:37  Zergling x2  
  150  9:38  Zergling x2  
  152  9:40  Baneling x7  
  152  9:43  Baneling x3  
  152  9:45  Overlord  
  152  9:48  Overlord  
  152  9:54  Baneling  
  152  9:55  Baneling x6  
  151  10:00  Zergling x4  
  151  10:03  Hive  
  153  10:07  Drone x10  
  153  10:08  Overlord  
  153  10:11  Mutalisk x2  
  166  10:15  Zergling x4  
  168  10:22  Zerg Ground Armor Level 2  
  168  10:23  Overlord  
  168  10:31  Zerg Melee Weapons Level 2  
  168  10:33  Zergling x26  
  181  10:39  Zergling x2  
  181  10:41  Overlord  
  182  10:45  Zergling x10  
  182  10:46  Zergling x6  
  190  11:02  Zergling x16  
  198  11:11  Baneling x11  
  185  11:15  Zergling x28  
  185  11:16  Overlord  
  198  11:22  Baneling x6  
  198  11:23  Mutalisk  
  196  11:28  Overlord, Baneling x12  
  196  11:32  Zergling x4  
  198  11:33  Overlord  
  198  11:38  Zergling x12  
  198  11:39  Baneling x13  
  200  11:40  Baneling x3  
  185  11:47  Zergling x2  
  185  11:48  Zergling x28  
  185  11:52  Zergling x4  
  189  11:57  Zergling x2  
  180  12:02  Zergling x8  
  180  12:07  Baneling x9  
  176  12:08  Zergling x2  
  176  12:09  Mutalisk  
  176  12:10  Mutalisk  
  176  12:13  Baneling x9  
  176  12:15  Ultralisk Cavern  
  177  12:16  Zergling x2  
  177  12:17  Mutalisk  
  177  12:21  Zergling x4  
  171  12:25  Mutalisk  
  171  12:28  Zergling x2  
  169  12:32  Zergling x14  
  169  12:33  Zergling x4  
  169  12:34  Adrenal Glands  
  173  12:38  Baneling  
  173  12:39  Baneling x8  
  167  12:53  Hatchery  
  167  12:56  Hatchery  
  165  13:04  Chitinous Plating  
  159  13:06  Ultralisk x2, Zergling x22  
  180  13:14  Ultralisk, Zergling x12  
  180  13:16  Zergling x2  
  193  13:23  Zergling x6  
  193  13:25  Zerg Ground Armor Level 3  
  196  13:29  Zergling x8  
  189  13:43  Zergling x2  
  189  13:44  Zergling x16  
  189  13:46  Baneling x7  
  197  13:52  Zergling x6  
  197  13:55  Zergling x4  
  199  14:05  Zergling x4  
  199  14:06  Zergling x2  
  199  14:07  Zerg Melee Weapons Level 3  
  198  14:13  Zergling x6  
  198  14:14  Baneling  
  198  14:15  Baneling x8  
  196  14:18  Corruptor x4  
  196  14:19  Zergling x8  
  196  14:23  Anabolic Synthesis  
  188  14:25  Zergling x8  
  188  14:27  Queen, Zergling x2  
  188  14:31  Zergling x2, Corruptor  
  166  14:35  Zergling x2  
  158  14:40  Corruptor  
  158  14:43  Queen, Zergling x4  
  158  14:45  Zergling x6  
  156  14:48  Zergling x4  
  156  14:49  Baneling x4  
  156  14:50  Baneling x2  
  156  14:52  Baneling x7  
  158  14:53  Infestor x2  
  158  14:57  Zergling x4  
  164  15:00  Baneling x6  
  164  15:02  Zergling x4  
  164  15:03  Zergling x2  
  164  15:05  Baneling x4  
  167  15:07  Zergling x4  
  167  15:12  Zergling x2  
  170  15:16  Baneling x7  
  170  15:19  Queen  
  164  15:22  Zergling x10  
  164  15:26  Zergling x6  
  163  15:31  Ultralisk, Zergling x2  
  153  15:36  Zergling x4  
  153  15:39  Zergling x2  
  153  15:42  Baneling x5  
  153  15:43  Ultralisk, Zergling x2  
  157  15:50  Zergling x8  
  157  15:55  Queen  
  161  15:58  Zergling x6  
  161  15:59  Zergling x2  
  161  16:02  Baneling x7, Hatchery  
  164  16:07  Zergling x8  
  164  16:10  Zergling x8  
  172  16:15  Ultralisk, Zergling x2  
  179  16:20  Zergling x6  
  179  16:24  Ultralisk  
  188  16:28  Zergling x6  
  191  16:33  Zergling x2  
  191  16:35  Zergling x6  
  191  16:39  Baneling x14  
  190  16:40  Zergling x4  
  190  16:43  Zergling x6  
  190  16:46  Burrow  
  192  16:50  Zergling x2  
  192  16:51  Zergling x8  
  192  16:53  Overseer  
  194  16:55  Baneling x7  
  194  16:58  Zergling x8  
  196  17:06  Zergling x2  
  196  17:07  Zergling x8  
  172  17:13  Zergling x4  
  157  17:17  Infestor x2  
  157  17:20  Zergling x2  
  158  17:24  Ultralisk, Zergling x4  
  158  17:25  Zergling x6  
  169  17:30  Zergling x6  
  169  17:31  Queen  
  169  17:35  Zergling x6  
  169  17:36  Zergling x2  
  159  17:37  Zergling x2  
  159  17:40  Corruptor  
  159  17:42  Zergling x2  
  152  17:44  Ultralisk, Zergling x2  
  152  17:49  Zergling x4  
  155  17:52  Zergling x4  
  155  17:55  Baneling x8  
  155  17:57  Zergling x12  
  160  17:58  Zergling x2  
  160  18:03  Zergling x2  
  160  18:04  Baneling x10  
  158  18:06  Zergling x6  
  158  18:08  Zergling x2  
  161  18:16  Infestor x4  
  161  18:17  Ultralisk, Zergling x2  
  161  18:18  Zergling x10, Baneling  
  161  18:19  Baneling x5  
  173  18:20  Zergling x4  
  173  18:22  Zergling x2  
  173  18:23  Zergling x2  
  173  18:26  Zergling x4  
  173  18:27  Zergling x4  
  180  18:30  Infestor x2  
  180  18:32  Zergling x4  
  179  18:36  Zergling x2  
  179  18:38  Pneumatized Carapace, Zergling x2  
  179  18:39  Overseer  
  179  18:40  Zergling x2  
  179  18:41  Zergling x4  
  184  18:43  Zergling x2  
  184  18:46  Zergling x8  
  189  18:50  Baneling x6  
  172  18:57  Zergling x16  
  172  19:00  Zergling x4  
  172  19:01  Zergling x4  
  158  19:10  Extractor, Zergling x4  
  158  19:11  Zergling x4  
  158  19:13  Zergling x4  
  160  19:20  Zergling x8  
  160  19:23  Zergling x2  
  161  19:29  Zergling x2, Hatchery  
  161  19:30  Zergling x4  
  158  19:31  Zergling x2  
  158  19:33  Ultralisk, Infestor x2  
  156  19:39  Zergling x4  
  156  19:44  Baneling x8  
  156  19:45  Zergling x6  
  160  19:53  Zergling x6, Hatchery  
  160  19:54  Zergling x2  
  160  19:55  Zergling x2  
  160  19:59  Baneling  
  154  20:00  Baneling x7  
  150  20:08  Zergling x10  
  150  20:11  Infestor  
  150  20:13  Zergling x8  
  153  20:14  Zergling x4  
  153  20:17  Zergling x2  
  153  20:19  Queen  
  140  20:23  Zergling x4  
  142  20:30  Zergling x6  
  142  20:35  Extractor, Zergling x6  
  147  20:39  Overseer  
  147  20:46  Ultralisk, Zergling x2  
  147  20:47  Zergling x8  
  147  20:48  Zergling x6  
  146  20:52  Zergling x4  
  146  20:53  Zergling x2  
  146  20:56  Infestor  
  143  20:58  Zergling x4  
  138  21:05  Zergling x10  
  142  21:22  Greater Spire, Extractor  
  142  21:23  Extractor  
  140  21:26  Hatchery  
  140  21:30  Infestor  
  140  21:31  Zergling x18  
  147  21:46  Zergling x18  
  150  21:51  Baneling x5  
  133  22:03  Queen  
  124  22:10  Zergling x24  
  127  22:16  Corruptor  
  127  22:18  Zergling x4  
  131  22:24  Zergling x4  
  131  22:29  Baneling x3  
  122  22:30  Zergling x6  
  122  22:34  Zergling x4  
  122  22:36  Baneling  
  124  22:37  Zergling x6  
  124  22:39  Corruptor  
  124  22:43  Zergling x4  
  124  22:47  Zergling x4  
  124  22:51  Zergling x2  
  116  22:57  Zergling x4  
  93  22:59  Zergling x4  
  93  23:05  Zergling x4  
Show
View Real Time Build Order
Export as new Build Order

INnoVation Terran - Winner!

Build Orders:  

Get SALT Encoding   

  12  0:00  SCV  
  13  0:13  SCV  
  14  0:18  Supply Depot  
  14  0:25  SCV  
  15  0:40  Barracks  
  15  0:51  Barracks  
  15  0:53  SCV  
  16  1:01  Refinery  
  16  1:05  SCV  
  17  1:17  SCV  
  18  1:27  Marine  
  18  1:30  Orbital Command  
  19  1:40  Supply Depot  
  19  1:45  Reaper  
  20  1:57  SCV  
  21  2:06  Command Center  
  21  2:09  SCV  
  22  2:21  Factory  
  22  2:23  SCV  
  23  2:30  Refinery  
  23  2:35  SCV  
  24  2:47  SCV  
  25  2:59  SCV  
  26  3:07  Factory Reactor, Starport  
  26  3:11  SCV  
  27  3:18  Orbital Command  
  27  3:23  SCV, Command Center  
  28  3:35  SCV  
  28  3:37  Orbital Command  
  29  3:43  Fusion Core  
  29  3:44  Hellion  
  29  3:45  Hellion  
  34  3:48  SCV  
  34  3:49  Starport Tech Lab  
  34  4:00  SCV  
  34  4:06  Hellion x2  
  38  4:10  SCV  
  38  4:12  SCV  
  40  4:21  Supply Depot  
  40  4:24  SCV x2  
  42  4:35  Battlecruiser, Orbital Command  
  48  4:39  SCV  
  48  4:41  SCV  
  48  4:42  Hellion  
  52  4:47  Hellion  
  52  4:51  SCV  
  55  4:53  SCV  
  55  4:57  Supply Depot  
  55  4:59  Refinery x2  
  56  5:04  Hellion  
  58  5:08  Hellion  
  58  5:10  SCV x3  
  63  5:20  Supply Depot  
  63  5:22  SCV x3  
  63  5:27  Engineering Bay  
  66  5:33  Widow Mine x2  
  70  5:36  SCV x3  
  70  5:42  Battlecruiser  
  79  5:44  Supply Depot  
  79  5:59  SCV x2  
  79  6:00  SCV, Factory x2  
  79  6:03  Widow Mine x2  
  78  6:11  SCV  
  78  6:12  SCV x2  
  78  6:14  Missile Turret x3  
  78  6:18  Missile Turret  
  81  6:29  Armory  
  81  6:30  Armory  
  81  6:35  Widow Mine x2  
  79  6:44  Factory Tech Lab x2  
  79  6:46  SCV x2  
  83  6:57  Hellion x2  
  83  6:59  SCV x2  
  83  7:00  Orbital Command  
  83  7:03  Cyclone  
  83  7:04  Cyclone  
  87  7:11  Infernal Pre-Igniter, SCV  
  87  7:12  SCV  
  87  7:15  Viking  
  91  7:17  Terran Vehicle Weapons Level 1  
  91  7:18  Hellion, Supply Depot, Terran Vehicle And Ship Armor Level 1  
  91  7:20  Supply Depot  
  93  7:36  Missile Turret  
  93  7:39  Supply Depot  
  93  7:40  SCV x3, Hellion  
  93  7:41  Missile Turret  
  95  7:54  SCV x3  
  95  7:58  Refinery, Thor  
  101  7:59  Refinery, Thor  
  101  8:03  Supply Depot  
  101  8:05  Supply Depot  
  107  8:09  Mag-Field Accelerator  
  107  8:12  SCV x2  
  109  8:20  SCV  
  109  8:22  Factory  
  109  8:23  Barracks Reactor  
  109  8:25  Factory  
  109  8:26  SCV x2, Supply Depot  
  112  8:29  Hellion x2  
  112  8:32  SCV  
  117  8:38  SCV  
  117  8:39  SCV  
  118  8:44  SCV  
  118  8:46  Cyclone x2  
  118  8:48  Factory  
  125  8:51  Hellion x2  
  125  8:54  SCV x2  
  131  8:56  SCV  
  131  9:00  Supply Depot x2  
  131  9:01  Supply Depot  
  132  9:14  Terran Vehicle Weapons Level 2  
  132  9:15  Terran Vehicle And Ship Armor Level 2  
  132  9:16  Hellion x2  
  136  9:18  Command Center  
  136  9:21  Thor  
  142  9:24  Thor  
  142  9:28  Supply Depot  
  142  9:30  Supply Depot  
  148  9:34  Hellion x2  
  148  9:36  Cyclone  
  153  10:02  Hellion x4  
  153  10:04  Cyclone  
  164  10:08  Cyclone x2  
  170  10:16  Factory  
  170  10:19  Factory, Supply Depot  
  170  10:20  Factory  
  170  10:23  Smart Servos  
  170  10:26  Supply Depot  
  170  10:32  SCV x3  
  165  10:35  Hellion x2  
  165  10:36  Cyclone  
  165  10:40  Cyclone x2  
  174  10:45  SCV x2  
  171  10:57  Planetary Fortress  
  171  10:59  Refinery  
  171  11:00  SCV x3  
  171  11:01  Refinery  
  171  11:03  Factory Tech Lab  
  171  11:04  Factory Reactor, Factory Tech Lab  
  174  11:10  Cyclone  
  177  11:12  Cyclone  
  177  11:13  Cyclone  
  177  11:15  Hellion x3  
  189  11:24  Cyclone x2  
  189  11:25  Hellion  
  191  11:30  Missile Turret  
  191  11:34  Missile Turret  
  191  11:39  Hellion  
  193  11:41  Hellion  
  193  11:42  Cyclone  
  158  12:02  Cyclone x3  
  158  12:04  Command Center  
  158  12:05  Hellion  
  158  12:06  Hellion  
  168  12:12  Cyclone  
  171  12:22  Cyclone  
  165  12:23  Hellion  
  165  12:28  Hellion x2  
  169  12:34  Cyclone  
  172  12:39  Cyclone x2  
  178  12:48  Hellion x2  
  182  12:55  Cyclone x2  
  182  12:56  Hellion  
  189  13:06  Cyclone  
  189  13:11  Cyclone  
  192  13:13  Cyclone  
  192  13:16  Hellion  
  197  13:21  Missile Turret  
  197  13:26  Planetary Fortress  
  197  13:27  Cyclone  
  194  13:38  SCV x2, Cyclone  
  194  13:39  Command Center  
  194  13:40  Missile Turret  
  197  13:51  Cyclone x2  
  197  13:54  SCV  
  197  13:55  SCV  
  182  14:25  Cyclone x2  
  182  14:26  Cyclone x2  
  182  14:27  Cyclone  
  182  14:30  Hellion x3  
  126  14:47  SCV x2  
  126  14:49  Hellion x2  
  132  14:56  SCV x2  
  132  14:57  Cyclone  
  137  15:06  Widow Mine  
  139  15:08  Drilling Claws  
  133  15:23  Widow Mine x2  
  117  15:29  SCV x2  
  117  15:32  Widow Mine x2  
  118  15:36  Widow Mine x2  
  118  15:41  Widow Mine  
  118  15:42  Widow Mine  
  126  15:45  Widow Mine  
  126  15:48  Widow Mine  
  126  15:49  SCV, Widow Mine  
  124  15:50  SCV  
  125  15:58  Cyclone, Widow Mine  
  125  16:02  SCV x3  
  125  16:03  SCV, Planetary Fortress  
  134  16:08  Cyclone  
  137  16:11  Cyclone  
  137  16:15  Cyclone, Hellion  
  137  16:17  Hellion  
  147  16:23  Cyclone  
  150  16:28  Hellion  
  150  16:29  Hellion x2  
  150  16:30  Cyclone  
  154  16:40  Cyclone  
  154  16:43  Cyclone  
  154  16:47  Cyclone  
  160  16:53  SCV x3  
  163  16:54  Refinery  
  163  16:55  Cyclone, Refinery  
  163  17:01  Hellion x5  
  176  17:02  Cyclone  
  163  17:12  Cyclone  
  141  17:15  Cyclone  
  141  17:18  Hellion  
  141  17:19  SCV x2, Hellion  
  141  17:20  SCV  
  143  17:27  Cyclone  
  143  17:29  Widow Mine  
  133  17:43  Cyclone x2, Widow Mine x2  
  135  17:45  SCV  
  112  17:55  SCV, Widow Mine x3  
  112  17:58  SCV x2  
  121  18:00  SCV  
  121  18:01  SCV  
  121  18:05  Widow Mine  
  125  18:07  Widow Mine  
  127  18:14  SCV  
  127  18:15  SCV  
  129  18:23  Hellion x2  
  129  18:24  Cyclone, Hellion x2  
  136  18:36  Cyclone, Hellion x3  
  143  18:47  SCV x2  
  143  18:48  SCV x2  
  147  18:50  Hellion x3  
  141  18:58  Orbital Command  
  141  18:59  SCV, Cyclone  
  141  19:00  Cyclone, Hellion, Widow Mine  
  141  19:01  Widow Mine x2  
  137  19:05  SCV  
  137  19:06  SCV x2  
  137  19:08  Widow Mine  
  134  19:25  Cyclone x2, Widow Mine x2  
  134  19:26  Widow Mine  
  148  19:31  Widow Mine x2  
  148  19:32  Widow Mine  
  148  19:36  Cyclone  
  149  19:38  Widow Mine  
  149  19:39  Widow Mine  
  149  19:44  Terran Vehicle Weapons Level 3  
  151  19:57  Cyclone  
  151  19:58  Cyclone, Widow Mine  
  151  19:59  Cyclone, Widow Mine  
  163  20:07  SCV x2  
  163  20:08  Hellion  
  163  20:09  Widow Mine x2  
  163  20:12  Cyclone  
  162  20:18  Widow Mine x2  
  162  20:20  Widow Mine  
  168  20:29  Cyclone  
  171  20:39  Cyclone x2  
  177  20:43  Hellion x3  
  177  20:44  SCV x2  
  177  20:46  Refinery  
  180  20:51  Cyclone x2  
  186  21:01  Cyclone  
  181  21:11  Cyclone x2  
  181  21:18  Hellion x4  
  195  21:23  Cyclone  
  200  21:25  Hellion  
  194  21:48  Cyclone x3  
  200  22:11  Cyclone  
  200  22:12  Cyclone  
  200  22:13  Hellion x4  
  196  22:20  Cyclone  
  196  22:22  Widow Mine  
  180  22:35  Cyclone  
  180  22:36  Cyclone  
  186  22:38  Hellion x3  
  186  22:44  Cyclone x2  
  175  22:55  Cyclone  
  175  22:56  Widow Mine x2  
  175  22:57  Hellion  
  178  23:00  Hellion x2  
  178  23:04  Widow Mine  
Tags
 
Add a new tag
Caveats
  • Supply blocks, unpowered buildings, or Contaminate may cause inaccurate times.
  • Supply counts are checked every 10 seconds.